AoeStats
← REAKA Rojo27

Lombardia

507913615Analyzed
3v3 RM · 13d ago on Sep 20, 2026· 116m 5s· 6 players
Game mode
Random Map
Map size
Normal (6 player)
Population
200
Speed
Normal
Resources
Standard
Victory
Conquest
Starting age
Dark Age
Ending age
Imperial Age
RankedLock teamsTeams togetherTeam positionsShared explorationLock speedFull tech treeHidden civsTurbo modeCheats
Victory
Defeat
🇲🇽 Burgundians · Mexico
855
+12
🇲🇽 Mapuche · Mexico
714
+18
🇲🇽 Inca · Mexico
580
+24
🇲🇽 Franks · Mexico
782
-19
🇲🇽 Tatars · Mexico
769
-18
🇲🇽 Britons · Mexico
737
-17
REAKA Rojo27
0:45 Loom
12:25 Feudal Age
17:00 Castle Age
21:05 Double-Bit Axe
21:05 Horse Collar
28:36 Wheelbarrow
27:47 Town Watch
27:29 Pikeman
28:11 Heavy Plow
28:21 Bow Saw
28:06 Gold Mining
28:06 Stone Mining
30:36 Hand Cart
30:22 Town Patrol
40:10 Imperial Age
40:39 Arson
40:16 Halberdier
40:20 Elite Skirmisher
40:21 Elite Bolas Rider
41:46 Crop Rotation
41:52 Gold Shaft Mining
42:18 Stone Shaft Mining
42:25 Coinage
41:57 Caravan
41:35 Crossbowman
41:56 Elite Kona
42:37 Malon
43:43 Banking
44:05 Hoardings
43:01 Sappers
43:52 Conscription
47:16 Chemistry
46:02 Arrowslits
46:14 Murder Holes
49:08 Butalmapu
49:31 Fletching
49:41 Padded Archer Armor
49:42 Scale Mail Armor
49:53 Forging
50:07 Ballistics
49:59 Masonry
59:20 Bodkin Arrow
59:41 Leather Archer Armor
59:42 Chain Mail Armor
60:02 Iron Casting
60:03 Architecture
59:39 Siege Engineers
59:12 Onager
63:16 Heavy Scorpion
68:48 Ring Archer Armor
68:49 Plate Mail Armor
69:20 Blast Furnace
68:13 Treadmill Crane
77:22 Capped Ram
79:16 Bombard Tower
78:58 Capped Ram
97:29 Capped Ram
111:50 Siphons
111:55 Clinker Construction
111:56 Careening
112:46 Spies/Treason
REAKA Kasper
7:52 Double-Bit Axe
10:05 Loom
12:01 Feudal Age
23:49 Castle Age
22:45 Bow Saw
30:06 Two-Man Saw
32:16 Imperial Age
32:09 Wheelbarrow
31:32 Horse Collar
33:43 Hand Cart
34:36 Chemistry
33:32 Murder Holes
34:32 Conscription
34:41 Cavalier
35:22 Husbandry
35:55 Heavy Plow
36:46 Ballistics
36:55 Paladin
38:49 Burgundian Vineyards
40:47 Caravan
40:59 Light Cavalry
41:58 Treadmill Crane
41:54 Hussar
43:08 Scale Barding Armor
43:14 Forging
45:06 Gold Mining
46:32 Chain Barding Armor
46:48 Iron Casting
46:57 Gold Shaft Mining
46:59 Coinage
48:17 Plate Barding Armor
47:42 Scale Mail Armor
52:51 Pikeman
53:31 Squires
56:33 Halberdier
64:53 Elite Skirmisher
68:22 Fletching
68:33 Padded Archer Armor
69:34 Blast Furnace
68:49 Chain Mail Armor
72:25 Bodkin Arrow
73:01 Plate Mail Armor
juanito el manco
12:22 Feudal Age
18:00 Castle Age
22:16 Horse Collar
28:17 Wheelbarrow
27:59 Double-Bit Axe
28:18 Heavy Plow
28:15 Stone Mining
32:33 Caravan
33:37 Bow Saw
33:20 Gold Mining
33:34 Scale Mail Armor
34:01 Hand Cart
34:53 Pikeman
36:08 Squires
35:57 Arson
40:09 Imperial Age
38:23 Gold Shaft Mining
38:44 Champi Runner
40:12 Champi Warrior
40:52 Elite Kamayuk
42:08 Crop Rotation
43:02 Guilds
42:18 Elite Champi Warrior
42:41 Halberdier
44:36 Andean Sling
58:16 Stone Shaft Mining
57:29 Town Watch
57:55 Fabric Shields
67:54 Fletching
68:18 Padded Archer Armor
68:45 Bodkin Arrow
69:01 Forging
69:07 Chain Mail Armor
69:35 Conscription
71:08 Bracer
71:24 Leather Archer Armor
71:44 Iron Casting
72:35 Plate Mail Armor
76:48 Thumb Ring
77:26 Hoardings
77:31 Ring Archer Armor
78:02 Blast Furnace
78:39 Town Patrol
78:31 Loom
78:33 Sappers
95:12 Capped Ram
114:52 Coinage
114:58 Siege Ram
116:53 Banking
TheLordofLaw291
2:01 Loom
13:47 Feudal Age
14:21 Double-Bit Axe
17:24 Wheelbarrow
16:35 Town Watch
20:06 Arson
20:45 Scale Mail Armor
20:56 Forging
20:51 Padded Archer Armor
22:48 Fletching
29:24 Castle Age
28:16 Gold Mining
28:20 Stone Mining
28:56 Horse Collar
29:34 Crossbowman
31:35 Bow Saw
31:22 Treadmill Crane
32:37 Gold Shaft Mining
33:10 Heated Shot
35:19 Heavy Plow
37:17 Hand Cart
38:44 Ballistics
39:28 Iron Casting
39:44 Pikeman
40:25 Squires
40:24 Bodkin Arrow
41:14 Town Patrol
42:52 Yeomen
45:22 Coinage
44:53 Caravan
49:48 Imperial Age
47:45 Leather Archer Armor
50:38 Halberdier
54:20 Fortified Wall
55:51 Conscription
55:42 Bracer
56:03 Chain Mail Armor
56:59 Guilds
57:31 Banking
59:57 Chemistry
59:09 Masonry
60:02 Ring Archer Armor
62:06 Elite Longbowman
83:19 Onager
84:28 Cavalier
85:10 Husbandry
85:27 Scale Barding Armor
85:53 Plate Mail Armor
86:24 Blast Furnace
95:27 Chain Barding Armor
Padredetodo4975
8:09 Loom
11:56 Feudal Age
13:05 Double-Bit Axe
14:44 Stone Mining
16:37 Wheelbarrow
15:56 Gold Mining
25:09 Castle Age
24:59 Forging
26:49 Bow Saw
27:37 Gold Shaft Mining
27:51 Husbandry
29:48 Hand Cart
29:45 Scale Barding Armor
30:51 Caravan
31:27 Fortified Wall
32:43 Iron Casting
34:09 Murder Holes
35:23 Chain Barding Armor
38:09 Imperial Age
37:35 Padded Archer Armor
38:28 Masonry
38:29 Cavalier
40:32 Chemistry
40:27 Plate Barding Armor
42:45 Blast Furnace
45:21 Leather Archer Armor
52:32 Pikeman
53:58 Paladin
65:55 Onager
69:26 Scale Mail Armor
71:34 Halberdier
90:23 Light Cavalry
93:53 Elite Skirmisher
95:34 Chain Mail Armor
98:50 Squires
Pandavha
12:24 Feudal Age
13:11 Double-Bit Axe
20:44 Bloodlines
24:16 Castle Age
27:50 Husbandry
31:44 Caravan
32:22 Padded Archer Armor
32:27 Scale Barding Armor
32:13 Fletching
34:37 Bow Saw
35:02 Chain Barding Armor
34:57 Leather Archer Armor
34:40 Bodkin Arrow
37:47 Ballistics
41:49 Imperial Age
41:54 Heavy Cavalry Archer
43:13 Plate Barding Armor
43:08 Ring Archer Armor
42:39 Bracer
43:43 Chemistry
54:16 Fortified Wall
58:31 Illumination
58:23 Block Printing
58:03 Herbal Medicine
61:10 Elite Keshik
74:56 Forging
Connection lost

Rejoining the realm…

Still unreachable

The connection could not be restored.

Session expired

The server has moved on; the page needs a fresh start.